Map: Ultralove

Players

Foxrace - Winner!

  • Race: Terran Terran
  • League: Gold
  • Spawn Location: 7:00

WeAreLegion

  • Race: Terran Terran
  • League: Silver
  • Spawn Location: 1:00

VOD

Have the link to the VOD?

Description

Time

  • Played on: Dec. 12, 2024, 11:53 p.m.
  • Length: 19:00
Show
View Real Time Build Order
Export as new Build Order

Foxrace Terran - Winner!

Build Orders: 1/1/1, Banshee Rush 

Get SALT Encoding   

  12  0:00  SCV  
  13  0:12  SCV  
  14  0:20  Supply Depot  
  14  0:25  SCV  
  15  0:30  Refinery  
  15  0:41  SCV  
  16  0:46  Barracks  
  16  0:54  Refinery  
  16  0:56  SCV  
  17  1:08  SCV  
  18  1:21  SCV  
  19  1:33  SCV  
  19  1:36  Factory  
  19  1:37  Barracks Tech Lab  
  20  1:45  Orbital Command  
  20  2:04  Barracks Tech Lab  
  20  2:12  SCV  
  21  2:23  Starport  
  21  2:30  Starport  
  21  2:35  Supply Depot  
  21  2:36  Supply Depot  
  21  2:43  Supply Depot, SCV  
  22  2:55  SCV  
  23  2:59  Banshee  
  26  3:06  Banshee  
  26  3:09  Cloaking Field  
  29  3:20  Engineering Bay  
  29  3:42  Banshee  
  32  3:49  Banshee  
  35  3:58  Missile Turret x2  
  35  3:59  Missile Turret  
  35  4:21  Fusion Core  
  35  4:27  Supply Depot  
  35  4:52  Command Center  
  35  5:03  Supply Depot, SCV  
  36  5:15  SCV  
  37  5:25  Supply Depot  
  37  5:27  SCV  
  35  5:39  SCV  
  27  5:51  SCV, Battlecruiser  
  27  5:55  Weapon Refit  
  34  6:03  SCV  
  35  6:15  SCV  
  36  6:20  Missile Turret  
  36  6:21  Missile Turret  
  36  6:23  Planetary Fortress  
  36  6:24  Missile Turret  
  36  6:27  SCV  
  36  6:28  Missile Turret  
  37  6:39  SCV  
  38  6:42  Refinery  
  38  6:43  Missile Turret, Refinery  
  38  6:45  Command Center  
  38  6:58  Battlecruiser  
  44  7:22  Armory  
  44  7:26  Armory  
  44  7:30  SCV  
  44  7:32  SCV  
  46  7:42  SCV  
  47  7:44  SCV  
  48  7:54  SCV  
  48  7:55  Battlecruiser  
  48  7:56  SCV  
  56  8:06  SCV  
  56  8:09  SCV  
  58  8:19  SCV  
  59  8:21  SCV  
  59  8:25  Missile Turret  
  60  8:27  Planetary Fortress  
  60  8:32  Missile Turret  
  60  8:35  Missile Turret x2, Terran Ship Weapons Level 1  
  60  8:36  Refinery  
  60  8:38  Terran Vehicle And Ship Armor Level 1  
  60  8:48  Refinery  
  59  8:59  SCV x2  
  61  9:06  Battlecruiser  
  67  9:11  SCV x2  
  69  9:27  SCV x3  
  72  9:39  SCV x3, Battlecruiser  
  81  9:46  Supply Depot  
  81  9:51  SCV x3  
  81  9:52  Supply Depot  
  84  10:16  Supply Depot  
  84  10:20  Battlecruiser  
  90  10:27  Supply Depot  
  89  11:16  Battlecruiser  
  95  11:24  Battlecruiser  
  101  11:29  Missile Turret  
  101  11:30  Missile Turret  
  101  11:31  Terran Ship Weapons Level 2, Terran Vehicle And Ship Armor Level 2  
  101  12:02  Starport  
  101  12:03  Starport  
  101  12:05  Starport  
  101  12:07  Starport  
  101  12:20  Battlecruiser  
  107  12:28  Battlecruiser  
  113  12:33  Command Center  
  113  12:40  Starport  
  113  12:42  Starport  
  113  12:48  Supply Depot  
  113  12:58  Starport Tech Lab x4  
  113  13:11  Supply Depot  
  107  13:37  Supply Depot  
  107  14:00  Supply Depot  
  104  14:22  Supply Depot  
  101  14:29  Starport Tech Lab  
  101  14:36  Starport Tech Lab  
  101  14:46  Supply Depot  
  101  15:00  Planetary Fortress  
  101  15:10  Supply Depot  
  101  15:16  Missile Turret  
  101  15:17  Battlecruiser x3, Missile Turret x2  
  101  15:18  Battlecruiser x3  
  101  15:19  Battlecruiser x2  
  149  15:33  Supply Depot  
  149  15:37  Missile Turret  
  149  15:40  Missile Turret x2  
  149  15:54  Terran Vehicle And Ship Armor Level 3, Terran Ship Weapons Level 3  
  143  15:58  Supply Depot  
  143  16:00  Refinery  
  143  16:02  Refinery  
  143  16:25  Supply Depot  
  137  16:46  Battlecruiser x2  
  137  16:47  Battlecruiser  
  155  16:48  Supply Depot  
  143  17:10  Supply Depot  
  137  17:21  Missile Turret  
  137  17:24  Missile Turret x2  
  137  17:25  Missile Turret  
  137  17:35  Battlecruiser  
  137  17:36  Battlecruiser x2  
Show
View Real Time Build Order
Export as new Build Order

WeAreLegion Terran 

Build Orders: Banshee Rush 

Get SALT Encoding   

  12  0:00  SCV  
  13  0:12  SCV  
  14  0:17  Supply Depot  
  14  0:27  SCV  
  15  0:39  SCV  
  15  0:41  Barracks  
  16  0:47  Refinery  
  16  0:51  SCV  
  17  1:03  SCV  
  18  1:04  Refinery  
  18  1:15  SCV  
  19  1:29  Orbital Command  
  19  1:30  Reaper  
  20  1:44  Supply Depot  
  20  1:52  Factory  
  20  1:56  SCV  
  22  2:08  Reaper  
  22  2:13  SCV  
  23  2:21  Command Center  
  23  2:26  SCV  
  24  2:33  Supply Depot  
  24  2:38  SCV  
  25  2:45  Starport  
  26  2:51  Barracks Reactor  
  26  2:54  Hellion  
  26  2:55  SCV  
  28  3:07  SCV  
  29  3:19  Supply Depot, SCV  
  30  3:22  Starport Tech Lab  
  30  3:31  SCV, Factory Tech Lab  
  31  3:38  Orbital Command  
  31  3:39  Marine x2  
  33  3:43  SCV  
  33  3:47  Cloaking Field  
  37  3:55  SCV  
  37  3:57  Marine x2  
  37  4:01  Siege Tank  
  43  4:08  SCV  
  42  4:13  Raven  
  41  4:20  SCV  
  41  4:22  Barracks  
  42  4:26  Engineering Bay  
  42  4:35  Cyclone  
  42  4:36  Marine x2  
  47  4:39  SCV  
  47  4:40  SCV  
  49  4:45  Refinery  
  49  4:48  Refinery  
  49  4:51  Barracks  
  49  4:52  SCV x2  
  51  4:53  Viking  
  51  4:55  Marine  
  51  4:56  Marine  
  55  5:04  SCV x2  
  57  5:10  Terran Infantry Weapons Level 1  
  57  5:11  Barracks  
  57  5:13  Marine  
  58  5:14  Marine, Missile Turret  
  58  5:18  Missile Turret  
  41  5:44  SCV x2  
  41  5:45  Marine x3  
  41  5:48  Cyclone  
  49  5:56  SCV x2  
  51  6:03  Marine x2  
  54  6:10  Barracks Tech Lab  
  54  6:12  SCV, Barracks Reactor  
  54  6:18  Raven, SCV  
  57  6:23  Supply Depot  
  57  6:24  SCV  
  57  6:25  Supply Depot  
  58  6:30  SCV  
  58  6:32  Marine x3  
  62  6:44  SCV x2, Siege Tank  
  67  6:50  Marine  
  68  6:55  Command Center  
  68  6:56  SCV  
  68  6:57  SCV  
  68  7:00  Marine  
  68  7:01  Marine x2  
  73  7:02  Marauder  
  73  7:03  Stimpack  
  75  7:08  SCV  
  75  7:09  SCV  
  75  7:11  Supply Depot  
  77  7:19  Supply Depot  
  77  7:20  SCV  
  78  7:33  SCV, Siege Tank  
  82  7:38  SCV  
  82  7:39  Marine x2  
  82  7:41  Marine x2  
  82  7:42  Marine  
  88  7:45  SCV  
  89  7:52  Raven  
  91  8:00  Marauder  
  93  8:07  Siege Tank  
  96  8:13  SCV x2  
  98  8:22  Marauder  
  98  8:23  Marine  
  98  8:24  Marine x3  
  98  8:25  SCV x2  
  106  8:37  SCV x2, Barracks  
  106  8:39  Starport Reactor  
  107  8:41  Marine x2  
  107  8:43  Barracks  
  107  8:45  Engineering Bay, Terran Infantry Armor Level 1  
  107  8:48  Orbital Command  
  109  8:52  SCV, Marine x2, Marauder, Siege Tank  
  117  8:55  Supply Depot  
  117  8:56  Supply Depot  
  117  8:57  SCV  
  117  8:59  Marine  
  119  9:04  SCV  
  120  9:14  Marauder  
  122  9:19  Supply Depot  
  122  9:21  Supply Depot  
  122  9:24  Siege Tank  
  125  9:35  Marauder  
  125  9:36  SCV x3  
  130  9:40  Refinery x2  
  130  9:47  Armory  
  130  9:48  SCV x3  
  130  9:50  Armory  
  133  9:56  Marauder  
  133  9:59  Marine x4  
  139  10:00  Siege Tank  
  139  10:02  Supply Depot, Medivac x2  
  139  10:05  Supply Depot  
  146  10:17  Marine x2  
  146  10:18  Marauder  
  150  10:26  Supply Depot  
  150  10:28  Supply Depot  
  150  10:32  Siege Tank  
  153  10:39  Marauder  
  136  11:00  Marauder  
  121  11:04  Siege Tank  
  107  11:25  Missile Turret x2  
  107  11:28  Missile Turret x2  
  107  11:29  Missile Turret  
  107  11:30  Missile Turret x2  
  107  11:33  Missile Turret  
  107  11:37  Missile Turret x2  
  107  11:41  Missile Turret  
  107  11:43  Missile Turret  
  107  11:45  Viking  
  107  11:46  Viking  
  111  11:50  Missile Turret  
  111  11:53  Starport  
  111  11:56  Starport  
  111  12:00  Missile Turret  
  111  12:02  Terran Ship Weapons Level 1  
  111  12:03  Terran Infantry Weapons Level 2  
  111  12:04  Terran Infantry Armor Level 2  
  111  12:15  Viking  
  113  12:24  Marine x5  
  113  12:25  Siege Tank  
  113  12:26  Medivac  
  123  12:43  Marauder  
  125  12:45  Medivac  
  125  12:47  SCV x3  
  130  12:51  Barracks  
  130  12:52  Marine x3  
  130  12:53  Marine  
  130  12:55  Barracks Tech Lab  
  134  12:59  Barracks Reactor  
  134  13:00  Factory  
  134  13:03  Starport Reactor  
  134  13:04  Terran Vehicle Weapons Level 1, Marauder  
  136  13:10  Marine, Starport Reactor  
  137  13:25  Marauder  
  135  13:32  Command Center  
  135  13:33  Command Center  
  132  13:47  Marauder  
  135  13:48  SCV x2  
  135  13:49  Marine x6  
  135  13:51  Factory Tech Lab  
  135  13:52  Viking x2  
  135  13:53  Command Center, Viking x4  
  154  13:56  Terran Ship Weapons Level 2  
  154  14:00  SCV  
  155  14:08  Marauder  
  148  14:22  Viking x2  
  148  14:23  Viking x3  
  149  14:29  Marauder  
  151  14:39  Terran Infantry Weapons Level 3  
  151  14:47  Marine  
  151  14:48  Marine x2  
  151  14:49  Thor x2  
  151  14:51  Marauder  
  168  14:56  Terran Infantry Armor Level 3  
  168  15:12  Marauder  
  168  15:14  Planetary Fortress  
  170  15:20  SCV x2  
  172  15:32  SCV x2, Thor x2  
  172  15:34  Marauder  
  172  15:35  Missile Turret x2  
  188  15:37  Missile Turret  
  188  15:39  Missile Turret  
  188  15:40  Missile Turret  
  188  15:43  Missile Turret  
  188  15:44  SCV x2  
  181  15:55  Marauder  
  182  16:17  Barracks Reactor  
  182  16:32  SCV x2  
  184  16:35  Orbital Command  
  174  16:42  Marine x3  
  174  16:43  Marine x2, Marauder  
  174  16:44  SCV, Thor x2  
  174  16:45  SCV, Viking  
  197  16:51  Marine  
  198  17:00  Marine  
  195  17:05  Marauder  
  150  17:21  Missile Turret  
  146  17:24  Missile Turret  
  146  17:26  Thor, Marauder  
  154  17:32  Missile Turret  
  154  17:33  Missile Turret  
  154  17:34  Missile Turret x2  
  154  17:37  Missile Turret  
  154  17:38  Missile Turret  
  154  17:48  Marauder  
  154  17:50  Command Center  
  156  17:56  Missile Turret  
  156  18:00  Missile Turret  
  154  18:05  Missile Turret  
  150  18:17  Marine, Command Center  
  150  18:19  Viking x4  
  104  18:27  Viking  
  104  18:29  Viking  
Tags
 
Matchup
TvT
Opening
1/1/1
Race
Terran
Replay Pack
December
Spawn Locations
Cross Positions
Add a new tag
Caveats
  • Supply blocks, unpowered buildings, or Contaminate may cause inaccurate times.
  • Supply counts are checked every 10 seconds.